 Dungeon Crawl Stone Soup version 0.21-a0-630-g344d351 (webtiles) character file.

7 Charly the Skirmisher (level 2, 19/19 HPs)
             Began as a Gargoyle Fighter on Dec 26, 2017.
             Quit the game on level 1 of the Dungeon.
             The game lasted 00:00:35 (78 turns).

Charly the Skirmisher (Gargoyle Fighter)              Turns: 78, Time: 00:00:36

Health: 19/19      AC:  9    Str: 19    XL:     2   Next: 4%
Magic:  2/2        EV:  7    Int:  8    God:
Gold:   13         SH: 10    Dex:  9    Spells: 1/1 levels left

rFire    . . .     SeeInvis .   i - -3 mace (curse)
rCold    . . .     Gourm    .   c - +1 shield
rNeg     + . .     Faith    .   b - +0 scale mail
rPois    ∞         Spirit   .   (no helmet)
rElec    +         Reflect  .   (no cloak)
rCorr    .         Harm     .   (no gloves)
MR       .....                  (no boots)
Stlth    ..........             (no amulet)
HPRegen  0.06/turn              (no ring)
MPRegen  0.08/turn              (no ring)

@: no status effects
A: negative energy resistance 1, electricity resistance, unbreathing,
petrification resistance, rot immunity, AC +2
a: no special abilities


You were on level 1 of the Dungeon.
You were not hungry.

You visited 1 branch of the dungeon, and saw 1 of its levels.

You collected 13 gold pieces.

Inventory:

Hand Weapons
 a - a +0 war axe
 i - a cursed -3 mace (weapon)
 j - a +4 hand axe
Armour
 b - a +0 scale mail (worn)
 c - a +1 shield (worn)
Potions
 d - a potion of might
 e - a potion of curing {unknown}
Comestibles
 f - a ration


   Skills:
 + Level 3.5 Fighting
 * Level 2.2 Axes
 - Level 3.2 Armour
 - Level 3.2 Shields


You had one spell level left.
You didn't know any spells.

Dungeon Overview and Level Annotations

Branches:
Dungeon (1/15)

Altars:


Innate Abilities, Weirdness & Mutations

You are resistant to torment.
Your stone body is resilient. (AC +2)
You are immune to poison.
You resist negative energy. (rN+)
You are resistant to electric shocks. (rElec)
You can survive without breathing.
You are immune to petrification.
You are immune to rotting.


Message History

You kill the dart slug!
You have reached level 2!
h - a scroll labeled BEOSHRO BYSI
Found a glowing hand axe.
You see here a glowing mace.
i - a glowing mace You see here a glowing hand axe.
j - a glowing hand axe Wield which item (- for none, * to show all)? (? for menu, Esc to quit)
It sticks to your hand!
i - a cursed -3 mace (weapon)
You can't unwield your weapon to draw a new one!
Unknown command.
As you read the scroll labeled SIELETZ CORIMM, it crumbles to dust.
It is a scroll of enchant armour.
Your +0 shield glows green for a moment.
As you read the scroll labeled BEOSHRO BYSI, it crumbles to dust.
The air around you briefly surges with heat, but it dissipates.
It was a scroll of immolation.
Are you sure you want to abandon this character and quit the game? (Confirm with "yes".)

...####.#..#..#...
......#..(......#.....
...##.......#####.......
##.###..$..## #........
##.........### #...#....
......#......# #........
....#.#....#.###..#.....
....#.##.....#..........
..#.#.###.##....@.#
.##...# #.##......#
####..#########.#..#
........##≈##≈####.#
.......##≈P≈≈P≈## ...
.[.....#≈P8PP8P≈# ....
......)##.P..P≈###.####
......†.....<.......
..†....##.P..♣≈###..


There were no monsters in sight!

Vanquished Creatures
  A dart slug (D:1)
  A ball python (D:1)
  2 bats (D:1)
  A kobold (D:1)
  2 rats (D:1)
7 creatures vanquished.

Notes
Turn   | Place    | Note
-------+----------+-------------------------------------------
     0 | D:1      | Charly the Gargoyle Fighter began the quest for the Orb.
     0 | D:1      | Reached XP level 1. HP: 14/14 MP: 1/1
    57 | D:1      | Reached XP level 2. HP: 18/19 MP: 2/2
    78 | D:1      | Quit the game

Vault maps used:
D:1:      ldierk_walled_garden_2, minmay_misc_feat_five

Skill      XL: |  1 |
---------------+----+-----
Axes           | 2 |  2.2
Fighting       | |  3.5
Armour         | |  3.2
Shields        | |  3.2

Action                   || total
-------------------------++-------
Melee: War axe           ||    17
  Use: Scroll            ||     2
Armor: Scale mail        ||    11
Dodge: Dodged            ||     7
Block: Shield            ||    14

Table legend:
 A = Spawn XP
 B = Non-spawn XP
 C = Spawn XP percentage of total XP
 D = Spawn monster count
 E = Non-spawn monster count
 F = Spawn count percentage of total count
 G = Total turns spent on level
                    A         B        C        D         E        F      G
               +---------+---------+-------+---------+---------+-------+---------
         Total |       0 |      11 |   0.0 |       0 |       7 |   0.0 |    78
               +---------+---------+-------+---------+---------+-------+---------
           D:1 |       0 |      11 |   0.0 |       0 |       7 |   0.0 |    78
               +---------+---------+-------+---------+---------+-------+---------
